 Dungeon Crawl Stone Soup version 0.29.1-15-g9cfb28693d (webtiles) character file.

Game seed: 5899462520611352045

18396 firemarshallily the Unseen (level 12, -1/180 HPs)
             Began as a Naga Brigand on Mar 13, 2023.
             Was an Elder of Dithmenos.
             Slain by a crystal guardian (21 damage)
             ... on level 11 of the Dungeon.
             The game lasted 00:49:00 (15289 turns).

firemarshallily the Unseen (Naga Brigand)          Turns: 15289, Time: 00:49:00

Health: -1/180     AC: 26    Str: 14    XL:     12   Next: 58%
Magic:  12/12      EV:  1    Int: 15    God:    Dithmenos [****..]
Gold:   862        SH:  5    Dex: 30    Spells: 11/11 levels left

rFire   + + .      SeeInvis +   J - +11 dagger "Ropirph" {venom, Contam rF++ Will+ Dex+2}
rCold   . . .      Faith    .   (no shield)
rNeg    . . .      Spirit   .   (body armour currently unavailable)
rPois   +          Reflect  +   (helmet currently unavailable)
rElec   .          Harm     .   (cloak currently unavailable)
rCorr   .          Rampage  .   (gloves currently unavailable)
Will    ++...      NoTele   +   (no barding) Stlth *+++++++++
                                N - amulet of reflection
HPRegen 0.40/turn               p - ring of Qauro {+Blink Int+4 Dex+4 SInv}
MPRegen 0.13/turn               y - +6 ring of dexterity

@: tree-form, wreathed by umbra
A: stationary, stasis, torment immunity, boosted hp, AC +4, large, see
invisible, (deformed body), (poison resistance), (slowness 2), spit poison 1,
(naga tail 1)
a: Spit Poison, Renounce Religion, Evoke Blink, Shadow Step


You were on level 11 of the Dungeon.
You worshipped Dithmenos.
Dithmenos was greatly pleased with you.
You were a tree.
You visited 2 branches of the dungeon, and saw 12 of its levels.
You also visited: Ossuary.

You collected 1352 gold pieces.
You spent 490 gold pieces at shops.

Inventory:

Hand Weapons
 J - the +11 dagger "Ropirph" (weapon) {venom, Contam rF++ Will+ Dex+2}
   (You found it on level 8 of the Dungeon)

   It poisons the flesh of those it strikes.
   Dex:       It affects your dexterity (+2).
   rF:        It greatly protects you from fire.
   Contam:    It causes magical contamination when unequipped.
   Will:      It increases your willpower.
Missiles
 d - 32 poisoned darts
 e - a throwing net
 s - 3 silver boomerangs
 S - a curare-tipped dart
Armour
 g - a +0 helmet (melded)
 i - a +1 robe of resistance (melded)
 r - a +1 cloak (melded)
 G - a +0 pair of gloves (melded)
 K - +0 steam dragon scales
 O - a +1 troll leather armour {Snorg}
Jewellery
 a - a ring of magical power
 p - the ring of Qauro (left branch) {+Blink Int+4 Dex+4 SInv}
   (You found it on level 2 of the Dungeon)

   [ring of see invisible]

   Int:       It affects your intelligence (+4).
   Dex:       It affects your dexterity (+4).
   SInv:      It lets you see invisible.
   +Blink:    It lets you blink.
 t - a ring of resist corrosion
 y - a +6 ring of dexterity (right branch)
 I - an amulet of faith
 N - an amulet of reflection (around neck)
 T - a ring of protection from cold
Wands
 u - a wand of flame (35)
 x - a wand of light (6)
 A - a wand of digging (6)
 P - a wand of iceblast (6)
 R - a wand of charming (4)
Scrolls
 b - 4 scrolls of amnesia
 c - a scroll of magic mapping
 q - 3 scrolls of butterflies
 v - 5 scrolls of vulnerability
 F - 2 scrolls of blinking
 H - a scroll of teleportation
 U - a scroll of poison
Potions
 f - 3 potions of mutation
 h - a potion of haste
 j - 3 potions of cancellation
 k - 4 potions of lignification
 l - 7 potions of curing
 m - 2 potions of flight
 n - a potion of invisibility
 o - 3 potions of resistance
 w - 2 potions of attraction
 z - a potion of ambrosia
 B - 2 potions of heal wounds
 C - a potion of berserk rage
 D - 2 potions of magic
 E - 3 potions of might
 Q - a potion of brilliance
Miscellaneous
 M - a condenser vane


   Skills:
 + Level 11.0 Fighting
 - Level 10.0 Short Blades
 - Level 1.7 Throwing
 + Level 8.3 Dodging
 + Level 17.0 Stealth


You had 11 spell levels left.
You didn't know any spells.
Your spell library contained the following spells:

 Spells                   Type           Power      Damage    Failure   Level
 Foxfire                  Conj/Fire      0%         2x1d4     26%         1
 Slow                     Hex            0%         N/A       26%         1
 Sublimation of Blood     Necr           0%         N/A       38%         2
 Inner Flame              Hex/Fire       0%         N/A       63%         3
 Portal Projectile        Hex/Tloc       0%         N/A       63%         3
 Stone Arrow              Conj/Erth      0%         3d7       63%         3
 Tukima's Dance           Hex            0%         N/A       63%         3
 Vampiric Draining        Necr           0%         2d6       63%         3
 Anguish                  Hex/Necr       0%         N/A       95%         4
 Animate Armour           Summ/Erth      0%         N/A       95%         4
 Leda's Liquefaction      Hex/Erth       0%         N/A       95%         4
 Petrify                  Tmut/Erth      0%         N/A       95%         4
 Blade Hands              Tmut           0%         N/A       100%        5
 Irradiate                Conj/Tmut      0%         3d11      100%        5
 Lee's Rapid Deconstruct  Erth           0%         3d5*      100%        5
 Metabolic Englaciation   Hex/Ice        0%         N/A       100%        5
 Yara's Violent Unravell  Hex/Tmut       0%         3d3       100%        5
 Death Channel            Necr           0%         N/A       100%        6
 Statue Form              Tmut/Erth      0%         N/A       100%        6
 Haunt                    Necr/Summ      0%         N/A       100%        7
 Monstrous Menagerie      Summ           0%         N/A       100%        7
 Ignition                 Fire           0%         3d3       100%        8
 Lehudib's Crystal Spear  Conj/Erth      0%         10d2      100%        8


Dungeon Overview and Level Annotations

Branches:
Dungeon (11/15)            Temple (1/1) D:4            Lair (0/5) D:11
    Orc (0/2) D:10        Ossuary (visited)

Altars:
Ashenzari
Cheibriados
Dithmenos
Elyvilon
Fedhas
Gozag
Hepliaklqana
Kikubaaqudgha
Makhleb
Nemelex Xobeh
Okawaru
Qazlal
Ru
Sif Muna
Trog
Uskayaw
Vehumet
Wu Jian
Xom
Yredelemnul
Zin
The Shining One

Shops:
D:5 !   D:10 (

Annotations:
D:11 exclusion: two-headed ogre


Innate Abilities, Weirdness & Mutations

You are a tree.
Your roots penetrate the ground, keeping you stationary.
You cannot be teleported.
You are immune to unholy pain and torment.
Your maximum health is greatly increased.
Your equipment is partially melded.
((Your serpentine skin is tough. (AC +4)))
You have supernaturally acute eyesight. (SInv)
((Armour fits poorly on your strangely shaped body.))
((Your system is resistant to poisons. (rPois)))
((You cover ground very slowly.))
You can spit poison.
((You have a snake-like lower body.))


Message History

You hit the crystal guardian but do no damage.
The crystal guardian is moderately damaged.
You hit the crystal guardian but do no damage.
The crystal guardian is moderately damaged.
The crystal guardian hits you but does no damage.
You hit the crystal guardian but do no damage.
The crystal guardian is moderately damaged.
You hit the crystal guardian.
The crystal guardian is moderately damaged.
The crystal guardian hits you but does no damage.
You puncture the crystal guardian!
The crystal guardian is heavily damaged.
You hit the crystal guardian but do no damage.
The crystal guardian is heavily damaged.
The crystal guardian hits you but does no damage.
You hit the crystal guardian but do no damage.
The crystal guardian is heavily damaged.
Press: ? - help, v - describe, . - travel
Here: a crystal guardian (heavily damaged, umbra)
The floor.
You hit the crystal guardian.
The crystal guardian is severely damaged.
The crystal guardian completely misses you.
You hit the crystal guardian but do no damage.
The crystal guardian is severely damaged.
You hit the crystal guardian.
The crystal guardian is severely damaged.
The crystal guardian fires a crystalline bolt at you.
The crystal bolt freezes you!!!
* * * LOW HITPOINT WARNING * * *
You hit the crystal guardian but do no damage.
The crystal guardian is severely damaged.
You feel much better. The crystal guardian hits you!!
* * * LOW HITPOINT WARNING * * *
Okay, then.
You hit the crystal guardian but do no damage.
The crystal guardian is severely damaged.
Your shadow hits the crystal guardian but does no damage.
The crystal guardian hits you!!
You die...

#.....##...##...##
#......#...#.....#
#...(..##..'.....'
#.......#'##.....#
#..)....#..##...##
#...###'#...##'##.
#..##.#.....#...#.
#..#..#.....#...#.
#♣##..##...##.).##
#9#....#####.....#
#)#†...'..........
##################


You could see a crystal guardian.

Vanquished Creatures
  Snorg (D:10)
  2 ogre magi (D:11)
  2 centaur warriors (D:9)
  A death knight (D:11)
  3 two-headed ogres
  Erica (D:10)
  Amaemon (D:10)
  A fire crab (D:11)
  Lodul (D:10)
  A wizard (D:11)
  An ugly thing (D:11)
  2 cyclopes (D:11)
  An oklob plant (D:11)
  A moth of wrath (shapeshifter) (D:9)
  An orange demon (D:10)
  3 trolls (D:9)
  A hornet (D:11)
  Sigmund (D:2)
  A wyvern (D:9)
  2 vampires
  2 shadows (D:10)
  A wraith (D:9)
  7 yaks
  2 steam dragons
  2 acid dragons
  A black bear (D:4)
  2 ice beasts (D:7)
  5 orc warriors
  10 ogres
  3 centaurs
  4 kobold brigands
  4 bullfrogs
  A gnoll sergeant (D:10)
  2 scorpions
  8 wights (D:9)
  13 killer bees (D:9)
  2 howler monkeys (D:10)
  4 electric eels (D:11)
  Crazy Yiuf (D:2)
  A hound (D:5)
  5 orc priests
  A jelly (D:7)
  4 iguanas (D:6)
  11 orc wizards
  Natasha (thrice) (D:3)
  A hound zombie (Ossuary)
  4 mummies (Ossuary)
  Robin (D:4)
  10 gnolls
  9 adders
  2 white imps
  An adder zombie (Ossuary)
  5 worms
  3 dart slugs
  40 orcs
  7 endoplasms
  4 giant cockroaches
  2 gnoll zombies (Ossuary)
  13 goblins
  18 hobgoblins
  10 jackals
  3 quokkas
  5 ball pythons
  8 bats
  3 frilled lizards
  A goblin zombie (Ossuary)
  2 hobgoblin zombies (Ossuary)
  2 jackal zombies (Ossuary)
  16 kobolds
  2 orc zombies (Ossuary)
  2 quokka zombies (D:5)
  A rat (D:3)
  A rat zombie (Ossuary)
303 creatures vanquished.

Notes
Turn   | Place    | Note
-------+----------+-------------------------------------------
     0 | D:1      | firemarshallily the Naga Brigand began the quest for the
                  | Orb.
     0 | D:1      | Reached XP level 1. HP: 19/19 MP: 1/1
   144 | D:1      | Reached skill level 6 in Stealth
   215 | D:1      | Reached XP level 2. HP: 26/26 MP: 2/2
   809 | D:1      | Reached XP level 3. HP: 33/33 MP: 3/3
  1041 | D:1      | Got the Parchment of Exhumation
  1103 | D:1      | Found a faded altar of an unknown god.
  1554 | D:2      | Reached XP level 4. HP: 37/40 MP: 4/4
  1876 | D:2      | Identified the ring of Qauro {+Blink Int+4 Dex+4 SInv}
  2289 | D:2      | Noticed Sigmund
  2298 | D:2      | Killed Sigmund
  2299 | D:2      | Reached skill level 7 in Stealth
  2299 | D:2      | Reached XP level 5. HP: 42/49 MP: 5/5
  2299 | D:2      | Reached XP level 6. HP: 48/56 MP: 6/6
  2518 | D:2      | Found a runed translucent door.
  2519 | D:2      | Noticed Crazy Yiuf
  2526 | D:2      | Killed Crazy Yiuf
  2574 | D:3      | Noticed Natasha
  2587 | D:3      | Killed Natasha
  2673 | D:3      | Reached skill level 5 in Short Blades
  2987 | D:3      | Noticed Natasha
  2996 | D:3      | Killed Natasha
  3281 | D:3      | Found a white marble altar of Elyvilon.
  3599 | D:3      | Noticed Natasha
  3608 | D:3      | Killed Natasha
  3609 | D:3      | Reached skill level 8 in Stealth
  3609 | D:3      | Reached XP level 7. HP: 48/63 MP: 7/7
  4277 | D:4      | Found a glowing silver altar of Zin.
  4836 | D:4      | Found a staircase to the Ecumenical Temple.
  4938 | D:4      | Noticed Robin
  4941 | D:4      | Killed Robin
  5196 | Temple   | Entered the Ecumenical Temple
  5196 | Temple   | Found a transporter.
  5196 | Temple   | Found a transporter.
  5198 | Temple   | Found a transporter.
  5198 | Temple   | Found a transporter.
  5269 | Temple   | Became a worshipper of Dithmenos the Shadowed
  5473 | D:5      | Entered Level 5 of the Dungeon
  5521 | D:5      | Found Orreogh's Distillery.
  5543 | D:5      | Found an ornate altar of the Wu Jian Council.
  5678 | D:5      | Reached skill level 1 in Dodging
  5793 | D:5      | Found a sand-covered staircase.
  5800 | Ossuary  | Entered an ossuary
  6549 | D:6      | Reached XP level 8. HP: 73/73 MP: 8/8
  6591 | D:5      | Bought 2 potions of heal wounds for 140 gold pieces
  6591 | D:5      | Bought a potion of curing for 42 gold pieces
  6591 | D:5      | Bought a potion of degeneration for 14 gold pieces
  6591 | D:5      | Bought a potion of flight for 42 gold pieces
  6591 | D:5      | Bought a potion of mutation for 112 gold pieces
  6591 | D:5      | Bought a potion of resistance for 140 gold pieces
  6627 | D:6      | Reached skill level 9 in Stealth
  6986 | D:6      | Reached * piety under Dithmenos
  7021 | D:6      | Reached skill level 5 in Fighting
  8192 | D:7      | Reached skill level 10 in Stealth
  8196 | D:7      | Reached XP level 9. HP: 81/81 MP: 9/9
  9410 | D:8      | Found an opulent altar of Gozag.
  9901 | D:8      | Reached ** piety under Dithmenos
 10152 | D:8      | Identified the +11 dagger "Ropirph" {venom, Contam rF++
                  | Will+ Dex+2}
 10394 | D:8      | Noticed a two-headed ogre
 10405 | D:8      | Killed a two-headed ogre
 10406 | D:8      | Reached skill level 11 in Stealth
 11032 | D:9      | Reached XP level 10. HP: 90/92 MP: 10/10
 11520 | D:9      | Noticed a two-headed ogre
 11530 | D:9      | Noticed a two-headed ogre
 11535 | D:9      | Killed a two-headed ogre
 11536 | D:9      | Reached skill level 10 in Short Blades
 11536 | D:9      | Reached skill level 12 in Stealth
 11557 | D:9      | Killed a two-headed ogre
 11558 | D:9      | Reached skill level 5 in Dodging
 11599 | D:9      | Noticed a centaur warrior
 11615 | D:9      | Killed a centaur warrior
 11616 | D:9      | Reached skill level 13 in Stealth
 11819 | D:9      | Noticed a moth of wrath
 11834 | D:9      | Killed a moth of wrath
 11851 | D:9      | Reached XP level 11. HP: 97/104 MP: 11/11
 11926 | D:9      | Reached *** piety under Dithmenos
 11927 | D:9      | Identified the +8 hand axe of Beastly Guilt {venom, *Slow
                  | rF+ Int+4 Stlth+}
 11927 | D:9      | Noticed a centaur warrior
 11939 | D:9      | Killed a centaur warrior
 11965 | D:9      | Reached skill level 14 in Stealth
 12331 | D:9      | Got Qorch's Essays on Red-Hot Hexes
 12941 | D:10     | Entered Level 10 of the Dungeon
 13050 | D:10     | Noticed Snorg
 13053 | D:10     | Killed Snorg
 13250 | D:10     | Noticed Lodul
 13456 | D:10     | Noticed Amaemon
 13472 | D:10     | Killed Amaemon
 13487 | D:10     | Reached skill level 15 in Stealth
 13604 | D:10     | Found Kiwuh's Weapon Boutique.
 13701 | D:10     | Killed Lodul
 13706 | D:10     | Reached skill level 10 in Fighting
 13712 | D:10     | Reached **** piety under Dithmenos
 13791 | D:10     | Reached XP level 12. HP: 92/116 MP: 12/12
 13895 | D:10     | Found a staircase to the Orcish Mines.
 13955 | D:10     | Found a sparkling altar of Nemelex Xobeh.
 14021 | D:10     | Noticed Erica
 14025 | D:10     | Killed Erica
 14059 | D:11     | Found a staircase to the Lair.
 14081 | D:11     | Reached skill level 16 in Stealth
 14618 | D:11     | Noticed a two-headed ogre
 14851 | D:11     | Noticed a death knight
 14867 | D:11     | Killed a death knight
 15158 | D:11     | Noticed an ogre mage
 15163 | D:11     | Killed an ogre mage
 15164 | D:11     | Identified the +2 leather armour "Lelix" {rF+}
 15169 | D:11     | Noticed an ogre mage
 15183 | D:11     | Killed an ogre mage
 15220 | D:11     | Reached skill level 17 in Stealth
 15224 | D:11     | Got Sif Muna's Collected Works on Spellbinding and
                  | Production
 15252 | D:11     | Noticed a crystal guardian
 15289 | D:11     | Slain by a crystal guardian

Illustrated notes

Levels and vault maps discovered:
D:1:      dpeg_arrival_morbid_curiosity, layout_basic,
          hellmonk_ecumenical_altar_leap_of_faith, minmay_cut_off
D:2:      layout_basic, minmay_puff, uniq_crazy_yiuf_cottage, uniq_sigmund
D:3:      layout_basic, overflow_temple_1_default, uniq_natasha
D:4:      layout_gridville, kennysheep_little_box,
          minmay_temple_entry_statues_pillars, uniq_robin
D:5:      layout_rooms, pdpol_wu_jian_five_deadly_venoms, enter_ossuary_4,
          nicolae_take_the_stairs
D:6:      layout_loops_ring
D:7:      layout_layer_cave, minmay_misc_feat_doors
D:8:      layout_loops_ring, nicolae_gozag_seed_capital, minmay_crystal_room
D:9:      layout_basic, minmay_pinched_square
D:10:     layout_loops_ring, nemelex_diamond_rough_becter, orc_0_dummy,
          serial_shops, nicolae_shop_bloodbath_and_beyond, uniq_erica,
          uniq_amaemon, uniq_snorg, uniq_lodul
D:11:     minmay_box_of_curves, layout_basic, dpeg_oklobed_lair,
          lightli_airlock, uniq_fannar
Temple:   hellmonk_temple_divided_pantheon

Skill      XL: |  1  2  3  4  5  6  7  8  9 10 11 12 |
---------------+-------------------------------------+-----
Stealth        | 6 7 8 10 11 13 15 17 | 17.0
Short Blades   | 3 4 5 6 7 9 10 | 10.0
Fighting       | 3 4 5 6 8 10 11 | 11.0
Dodging        | 1 2 4 5 7 8 |  8.3
Throwing       | |  1.7

Action                   |  1- 3 |  4- 6 |  7- 9 | 10-12 || total
-------------------------+-------+-------+-------+-------++-------
Melee: Dagger            |    97 |   136 |   433 |   393 ||  1059
       Punch             |       |       |    11 |     8 ||    19
Throw: Dart              |       |     3 |     9 |    34 ||    46
       Boomerang         |       |     2 |       |     4 ||     6
 Abil: Spit Poison       |    13 |    18 |    63 |    35 ||   129
Evoke: Wand              |       |       |     8 |       ||     8
  Use: Scroll            |       |       |    16 |     9 ||    25
       Potion            |       |       |       |     8 ||     8
 Stab: Sleeping          |    14 |    10 |    22 |    17 ||    63
       Distracted        |       |       |     1 |     2 ||     3
       Invisible         |       |       |       |     2 ||     2
Armor: Robe              |    17 |    30 |   107 |    38 ||   192
       Skin              |       |       |       |     4 ||     4
Dodge: Dodged            |    51 |    51 |   199 |   122 ||   423
Block: Other             |       |       |       |    18 ||    18
       Reflection        |       |       |       |     2 ||     2
